AoeStats
← Iseri玫瑰

Arena

509389448Analyzed
1v1 RM · 5d ago on Sep 26, 2026· 57m 58s· 2 players
Game mode
Random Map
Map size
Tiny (2 player)
Population
200
Speed
Normal
Resources
Standard
Victory
Conquest
Starting age
Dark Age
Ending age
Imperial Age
RankedLock teamsTeams togetherTeam positionsShared explorationLock speedFull tech treeHidden civsTurbo modeCheats
Victory
Defeat
🇦🇷 Georgians · Argentina
669
+15
🇮🇳 Danes · India
637
-15
chaos
11:13 Feudal Age
13:13 Loom
15:51 Castle Age
14:36 Double-Bit Axe
14:36 Horse Collar
17:41 Pikeman
19:21 Husbandry
21:10 Squires
20:57 Arson
20:57 Gambesons
26:52 Forging
26:45 Scale Mail Armor
28:29 Wheelbarrow
27:48 Town Watch
28:51 Hamask
31:40 Bow Saw
35:55 Ballistics
38:34 Imperial Age
36:22 Hand Cart
42:32 Elite Jomsviking
42:40 Northmen's Fury
45:14 Onager
47:01 Iron Casting
46:42 Chain Mail Armor
48:06 Town Patrol
48:42 Siege Engineers
49:05 Gold Mining
49:06 Stone Mining
49:04 Elite Jomsviking
52:51 Blast Furnace
51:46 Halberdier
54:04 Coinage
54:38 Conscription
Iseri玫瑰
12:10 Feudal Age
16:07 Castle Age
14:02 Double-Bit Axe
18:36 Light Cavalry
20:10 Bow Saw
20:39 Wheelbarrow
22:50 Horse Collar
25:18 Stone Mining
26:38 Stone Shaft Mining
25:57 Gold Mining
26:09 Loom
26:10 Town Watch
27:01 Fletching
27:32 Hand Cart
29:04 Ballistics
29:12 Bloodlines
29:12 Scale Barding Armor
29:58 Murder Holes
30:01 Bodkin Arrow
30:49 Svan Towers
30:33 Treadmill Crane
30:43 Guard Tower
31:39 Husbandry
32:13 Masonry
32:32 Fervor
32:43 Sanctity
35:18 Imperial Age
33:25 Forging
36:02 Iron Casting
35:49 Chain Barding Armor
36:09 Iron Casting
35:45 Heavy Plow
36:04 Bracer
37:07 Chemistry
36:43 Keep
35:43 Hussar
37:26 Chain Barding Armor
38:09 Blast Furnace
37:39 Arrowslits
39:55 Conscription
40:10 Architecture
39:45 Siege Engineers
41:08 Crop Rotation
43:08 Town Patrol
43:45 Plate Barding Armor
43:39 Fortified Wall
44:31 Hoardings
44:40 Hoardings
44:22 Guilds
48:33 Aznauri Cavalry
47:48 Elite Monaspa
51:16 Onager
53:31 Scale Mail Armor
53:33 Padded Archer Armor
53:21 Siege Onager
55:34 Parthian Tactics
Connection lost

Rejoining the realm…

Still unreachable

The connection could not be restored.

Session expired

The server has moved on; the page needs a fresh start.